 Dungeon Crawl Stone Soup version 0.31-a0-441-g867994ef1c (webtiles) character file.

Game seed: 15112705212825659643

1726 Newt the Spear-Bearer (level 9, 0/108 HPs)
             Began as a Merfolk Gladiator on Aug 2, 2023.
             Slain by an orc warrior
             ... wielding a +0 dire flail
              (12 damage)
             ... on level 6 of the Dungeon.
             The game lasted 00:05:12 (4828 turns).

Newt the Spear-Bearer (Merfolk Gladiator)           Turns: 4828, Time: 00:05:13

Health: 0/108      AC: 24    Str: 18    XL:     9   Next: 4%
Magic:  0/9        EV:  2    Int:  8    God:
Gold:   326        SH:  0    Dex: 15    Spells: 8/8 levels left

rFire   . . .        a - +0 trident (elec)
rCold   + . .        (no shield)
rNeg    . . .        b - melded +0 leather armour
rPois   +            c - melded +0 helmet
rElec   .            h - melded +0 cloak
rCorr   .            (gloves currently unavailable)
SInv    .            (boots currently unavailable)
Will    .....        l - amulet of guardian spirit
Stlth   +            f - ring of protection from cold
HPRegen 0.38/turn    (no ring)
MPRegen 0.11/turn

%: guardian spirit
@: tree-form
A: stationary, stasis, torment immunity, boosted hp, (nimble swimmer 2),
(mertail)
a: no special abilities


You were on level 6 of the Dungeon.
You were a tree.
You visited 1 branch of the dungeon, and saw 6 of its levels.

You collected 326 gold pieces.

Inventory:

Hand Weapons
 a - a +0 trident of electrocution (weapon)
Missiles
 d - a throwing net (quivered)
 n - 6 javelins
Armour
 b - a +0 leather armour (melded)
 c - a +0 helmet (melded)
 h - a +0 cloak (melded)
Jewellery
 f - a ring of protection from cold (left branch)
 l - an amulet of guardian spirit (around neck)
Talismans
 i - a beast talisman
Wands
 k - a wand of polymorph (8)
 o - a wand of roots (7)
 p - a wand of mindburst (20)
Scrolls
 e - 2 scrolls of fear
 j - a scroll of silence {unknown}
 m - 2 scrolls of amnesia
 r - a scroll of immolation
 t - a scroll of fog {unknown}
 u - a scroll of identify
Potions
 s - a potion of attraction {unknown}


   Skills:
 - Level 7.0 Fighting
 - Level 10.0 Polearms
 - Level 2.0 Throwing
 - Level 7.0 Dodging
 * Level 4.9 Shapeshifting


You had 8 spell levels left.
You didn't know any spells.
Your spell library contained the following spells:

 Spells                   Type           Power      Damage    Failure   Level
 Apportation              Tloc           0%         N/A       41%         1
 Shock                    Conj/Air       0%         1d3       41%         1
 Lesser Beckoning         Tloc           0%         N/A       54%         2
 Frozen Ramparts          Ice            0%         1d1       78%         3
 Gell's Gravitas          Tloc           0%         N/A       78%         3
 Swiftness                Air            0%         N/A       78%         3
 Teleport Other           Tloc           0%         N/A       78%         3
 Airstrike                Air            0%         2d(0-16)  99%         4
 Petrify                  Tmut/Erth      0%         N/A       99%         4
 Alistair's Intoxication  Tmut/Pois      0%         N/A       100%        5
 Metabolic Englaciation   Hex/Ice        0%         N/A       100%        5


Dungeon Overview and Level Annotations

Branches:
Dungeon (6/15)
 Temple: D:4-7

Altars:

Shops:
D:2 [[


Innate Abilities, Weirdness & Mutations

You are a tree.
Your roots penetrate the ground, keeping you stationary.
You cannot be teleported.
You are immune to unholy pain and torment.
Your maximum health is greatly increased.
Your equipment is partially melded.
((You are very nimble when in or above water. (Stealth+, EV+, Speed+++)))
((Your lower body shifts to a powerful aquatic tail in water.))


Message History

The throwing net barely misses the orc warrior.
The throwing net completely misses the orc.
Something gets caught in the net!
The orc warrior hits you with a +0 dire flail!
* * * LOW HITPOINT WARNING * * *
Something wriggles in the net.
Aiming: Mindburst
Press: ? - help, Shift-Dir - straight line, f/p - orc warrior
Aim: an orc warrior, wielding a +0 dire flail and wearing a +0 plate armour (severely wounded, chance to affect: 64%)
The orc warrior struggles to resist.
The orc warrior barely misses you.
Something wriggles in the net.
Unknown command.
Aiming: Mindburst
Press: ? - help, Shift-Dir - straight line, f/p - orc warrior
Aim: an orc warrior, wielding a +0 dire flail and wearing a +0 plate armour (severely wounded, chance to affect: 64%)
The orc warrior struggles to resist.
The orc warrior hits you with a +0 dire flail!
* * * LOW HITPOINT WARNING * * *
Something wriggles in the net.
Unknown command.
You feel better. The orc warrior closely misses you.
Something wriggles in the net.
Really quaff the potion of lignification?
Your transformation has ended.
Your +0 cloak unmelds from your body.
Your +0 helmet unmelds from your body.
You turn into a tree.
Your +0 cloak melds into your body.
Your +0 helmet melds into your body.
Your +0 leather armour melds into your body.
Your roots penetrate the ground.
The orc warrior hits you but does no damage.
Something wriggles in the net.
Unknown command.
Unknown command.
You barely miss the orc warrior.
The orc warrior is severely wounded.
Unknown command.
You barely miss the orc warrior.
The orc warrior is severely wounded.
The orc warrior hits you with a +0 dire flail!
You die...

##)........
#.#.....#.#
##.......# #.).....#
. #..###### #.
#.####..###### ..
#............# #####
######..######o....#
#.....♣oo{o...#
#..########...# #..#
# #..# #..# ....
#####


You could see an orc warrior and 3 orcs.

Vanquished Creatures
  Grinder (D:3)
  Duvessa (D:5)
  2 black bears (D:4)
  2 ice beasts (D:5)
  A centaur (D:4)
  3 phantoms
  A kobold brigand (D:6)
  2 scorpions
  Dowan (D:5)
  4 orc priests
  Crazy Yiuf (D:2)
  3 hounds
  2 jellies
  2 iguanas
  An orc wizard (D:3)
  3 adders
  3 shadow imps (D:4)
  An ufetubus (D:4)
  2 worms
  A dart slug (D:4)
  12 orcs
  4 bats
  12 endoplasms
  A giant cockroach (D:3)
  12 hobgoblins
  6 jackals (D:1)
  9 quokkas
  7 ball pythons
  3 frilled lizards (D:2)
  2 goblins
  14 kobolds
  4 rats
123 creatures vanquished.

Notes
Turn   | Place    | Note
-------+----------+-------------------------------------------
     0 | D:1      | Newt the Merfolk Gladiator began the quest for the Orb.
     0 | D:1      | Reached XP level 1. HP: 16/16 MP: 1/1
    37 | D:1      | Reached XP level 2. HP: 21/24 MP: 2/2
   411 | D:1      | Reached XP level 3. HP: 27/30 MP: 3/3
  1044 | D:2      | Found a runed translucent door.
  1045 | D:2      | Noticed Crazy Yiuf
  1099 | D:2      | Found Isturud's Antique Armour Emporium.
  1315 | D:2      | Found Paug's Armour Emporium.
  1522 | D:2      | Killed Crazy Yiuf
  1523 | D:2      | Reached skill level 5 in Polearms
  1523 | D:2      | Reached XP level 4. HP: 37/37 MP: 4/4
  1735 | D:3      | Reached skill level 6 in Polearms
  1854 | D:3      | Reached XP level 5. HP: 42/42 MP: 5/5
  2203 | D:3      | Reached skill level 7 in Polearms
  2407 | D:3      | Noticed Grinder
  2411 | D:3      | Paralysed by Grinder for 5 turns
  2424 | D:3      | Killed Grinder
  2425 | D:3      | Reached skill level 9 in Polearms
  2425 | D:3      | Reached XP level 6. HP: 44/48 MP: 4/6
  2794 | D:4      | Reached XP level 7. HP: 48/54 MP: 7/7
  2835 | D:4      | Found a transporter.
  2868 | D:4      | Found a transporter.
  2994 | D:4      | Reached skill level 10 in Polearms
  3011 | D:4      | Reached skill level 5 in Dodging
  3603 | D:4      | Reached XP level 8. HP: 57/60 MP: 8/8
  3789 | D:4      | Reached skill level 5 in Fighting
  3830 | D:5      | Entered Level 5 of the Dungeon
  4013 | D:5      | Noticed Duvessa
  4013 | D:5      | Noticed Dowan
  4030 | D:5      | Killed Dowan
  4032 | D:5      | Killed Duvessa
  4033 | D:5      | Reached skill level 1 in Shapeshifting
  4663 | D:6      | Reached XP level 9. HP: 17/72 MP: 4/9
  4668 | D:6      | HP: 2/72 [kobold brigand/+0 club (4)]
  4824 | D:6      | HP: 2/72 [orc warrior/+0 dire flail (7)]
  4828 | D:6      | Slain by an orc warrior

Illustrated notes

Levels and vault maps discovered:
D:1:      amcnicky_arrival_gap_in_the_tavern_cellar, layout_loops_ring
D:2:      layout_basic, serial_shops, shop, shop, kennysheep_generic_room_7,
          uniq_crazy_yiuf_cottage
D:3:      layout_loops_corners, uniq_grinder
D:4:      gammafunk_wand_slinger, layout_loops_ring, st_stairs_9,
          minmay_stone_trees_small, grunt_ministairs_11, minmay_bisected
D:5:      dreamdust_elfheim, layout_rooms
D:6:      layout_loops_ring, minmay_temple_entry_from_below_a

Skill      XL: |  1  2  3  4  5  6  7  8 |
---------------+-------------------------+-----
Fighting       | 3 4 7 |  7.0
Polearms       | 5 6 9 10 | 10.0
Dodging        | 7 |  7.0
Shapeshifting  | 4 |  4.9
Throwing       | |  2.0

Action                     |  1- 3 |  4- 6 |  7- 9 || total
---------------------------+-------+-------+-------++-------
  Melee: Trident           |   148 |    79 |   203 ||   430
         Punch             |       |     1 |       ||     1
         Tailslap          |       |       |     1 ||     1
  Throw: Throwing net      |     2 |     3 |     3 ||     8
         Javelin           |       |     1 |       ||     1
  Evoke: Wand              |       |       |     3 ||     3
    Use: Scroll            |     3 |     2 |     3 ||     8
         Potion            |     1 |       |     5 ||     6
   Stab: Sleeping          |     2 |       |     3 ||     5
         Held in net/web   |     1 |     1 |       ||     2
 Armour: Leather armour    |    18 |    10 |    21 ||    49
         Skin              |       |       |     1 ||     1
  Dodge: Dodged            |    73 |    37 |    75 ||   185
   Form: Beast             |       |       |     1 ||     1

Table legend: (Time is in decaauts)
 A = Elapsed time spent in this place.
 B = Non-inter-level travel time spent in this place.
 C = Inter-level travel time spent in this place.
 D = Time resting spent in this place.
 E = Time spent auto-exploring this place.
 F = Levels seen in this place.
 G = Mean time per level.
                   A        B        C        D        E       F      G
               +--------+--------+--------+--------+--------+-----+--------+
         Total |   4773 |   4570 |    203 |    312 |   3449 |   6 |  795.5 |
       Dungeon |   4773 |   4570 |    203 |    312 |   3449 |   6 |  795.5 |
               +--------+--------+--------+--------+--------+-----+--------+

Top non-repeatable levels by time:
     D:3: 1213 daAuts
     D:4: 1013 daAuts
     D:1: 821 daAuts
     D:2: 751 daAuts
     D:5: 709 daAuts
     D:6: 264 daAuts
